 Dungeon Crawl Stone Soup version 0.18.1-48-g4cf74bf (webtiles) character file.

444 greenice the Carver (level 6, -3/51 HPs)
             Began as a Minotaur Fighter on June 26, 2016.
             Slain by an ogre
             ... wielding a +0 giant club
              (16 damage)
             ... on level 4 of the Dungeon.
             The game lasted 00:11:45 (3467 turns).

greenice the Carver (Minotaur Fighter)              Turns: 3467, Time: 00:11:46

Health: -3/51      AC:  6    Str: 20    XL:     6   Next: 72%
Magic:  5/5        EV:  7    Int:  5    God:
Gold:   196        SH:  9    Dex: 12    Spells: 0 memorised, 5 levels left

rFire  . . .     SeeInvis .     a - +0 long sword
rCold  . . .     Gourm    .     b - +0 scale mail
rNeg   . . .     Faith    .     c - +0 shield
rPois  .         Spirit   .     (helmet restricted)
rElec  .         Dismiss  .     (no cloak)
rCorr  .         Reflect  .     (no gloves)
SustAt .         Harm     .     (no boots)
MR     +....                    (no amulet)
Stlth  ..........               (no ring)
                                o - ring of protection from magic

@: somewhat resistant to hostile enchantments, extremely unstealthy
A: retaliatory headbutt, horns 2
a: no special abilities


You were on level 4 of the Dungeon.
You were not hungry.

You visited 1 branch of the dungeon, and saw 4 of its levels.

You collected 196 gold pieces.

Inventory:

Hand Weapons
 a - a +0 long sword (weapon)
Armour
 b - a +0 scale mail (worn)
 c - a +0 shield (worn)
Jewellery
 o - a ring of protection from magic (left hand)
 s - an uncursed ring of protection from fire {unknown}
Wands
 y - a wand of paralysis (14/24)
Scrolls
 e - a scroll of enchant weapon {unknown}
 j - a scroll of random uselessness {unknown}
 k - a scroll of teleportation
 l - 3 scrolls of remove curse {unknown}
 p - 3 scrolls of identify {unknown}
 t - a scroll of noise {unknown}
 v - a scroll of blinking {unknown}
 x - 2 scrolls of amnesia {unknown}
Potions
 d - a potion of might
 h - a potion of haste
 i - a potion of flight
 m - a potion of ambrosia {unknown}
 n - a potion of heal wounds {unknown}
 r - 2 potions of cure mutation {unknown}
 u - 3 potions of curing
 w - a potion of lignification {unknown}
Comestibles
 f - 3 bread rations
 g - 2 meat rations
 q - a beef jerky
 z - 2 chunks of flesh


   Skills:
 - Level 3.6 Fighting
 + Level 8.8 Long Blades
 - Level 3.6 Armour
 - Level 3.6 Shields


You had 5 spell levels left.
You didn't know any spells.

Dungeon Overview and Level Annotations

Branches:
Dungeon (4/15)
 Temple: D:4-7

Altars:
Cheibriados
Fedhas


Innate Abilities, Weirdness & Mutations

You reflexively headbutt those who attack you in melee.
You have a pair of horns on your head.


Message History

p - 3 scrolls labeled LIHES IGIAF (gained 1)
Found a stone staircase leading down.
An ogre comes into view. It is wielding a giant club.
You block the ogre's attack.
Your scale mail prevents you from hitting the ogre.
Your headbutt misses the ogre. The ogre hits you with a giant club!!
You slash the ogre! You headbutt the ogre.
The ogre is moderately wounded.
The ogre hits you with a giant club!
You hit the ogre but do no damage.
The ogre is moderately wounded.
You hit the ogre.
The ogre is heavily wounded.
The ogre hits you with a giant club.
* * * LOW HITPOINT WARNING * * *
Unknown command.
You hit the ogre. You headbutt the ogre.
The ogre is almost dead.
The ogre hits you with a giant club!
You die...

.........###.........#
...........#....# #.#
.........#.#..#.# #.#
.........#.#..#.####.#
>.....................
.######.##.#..#>####..
#.###.....#.#..........
#......................
##...#@#.####.#.#######
#.. #O#.# #.#########
#. #......#.# #...## ..
#.####.#.# #...## . #.#
#...## #.. .####...##
### ....'...'.
#########...##
###.....###...#


You could see an ogre.

Vanquished Creatures
  A phantom (D:4)
  An ogre (D:4)
  2 orc wizards (D:4)
  A worker ant (D:4)
  10 adders
  2 oozes
  3 worms
  2 dart slugs (D:2)
  3 giant geckos
  7 orcs
  5 bats
  5 giant cockroaches
  9 goblins
  5 hobgoblins
  8 jackals
  A quokka (D:2)
  3 ball pythons
  A giant gecko skeleton (D:4)
  4 giant newts
  A jackal skeleton (D:4)
  4 kobolds
  9 rats
87 creatures vanquished.

Vanquished Creatures (others)
  A fungus (D:2)
1 creature vanquished.

Grand Total: 88 creatures vanquished

Notes
Turn   | Place    | Note
--------------------------------------------------------------
     0 | D:1      | greenice the Minotaur Fighter began the quest for the Orb.
     0 | D:1      | Reached XP level 1. HP: 19/19 MP: 0/0
    90 | D:1      | Reached skill level 3 in Long Blades
   163 | D:1      | Reached XP level 2. HP: 26/26 MP: 1/1
   698 | D:1      | Reached skill level 4 in Long Blades
   803 | D:2      | Reached XP level 3. HP: 16/31 MP: 2/2
  1019 | D:2      | Found a blossoming altar of Fedhas.
  1058 | D:2      | Found a snail-covered altar of Cheibriados.
  1187 | D:2      | Reached skill level 5 in Long Blades
  1291 | D:2      | Reached XP level 4. HP: 39/39 MP: 3/3
  2064 | D:3      | Reached skill level 6 in Long Blades
  2287 | D:3      | Reached XP level 5. HP: 39/45 MP: 4/4
  2744 | D:4      | Reached skill level 7 in Long Blades
  2962 | D:4      | Noticed a phantom
  2982 | D:4      | Killed a phantom
  2982 | D:4      | Reached skill level 8 in Long Blades
  2982 | D:4      | Reached XP level 6. HP: 45/51 MP: 5/5
  3467 | D:4      | Slain by an ogre

Skill      XL: |  1  2  3  4  5 |
---------------+----------------+-----
Long Blades    | 3 4 5 6 8 |  8.8
Fighting       | |  3.6
Armour         | |  3.6
Shields        | |  3.6

Action                   |  1- 3 |  4- 6 || total
-------------------------+-------+-------++-------
Melee: Long sword        |    81 |   168 ||   249
       Headbutt          |    11 |    26 ||    37
  Use: Scroll            |       |     2 ||     2
       Potion            |       |     2 ||     2
  Eat: Chunk             |     1 |     8 ||     9
Armor: Scale mail        |    30 |    48 ||    78
Dodge: Dodged            |    26 |    33 ||    59
Block: Shield            |    35 |    72 ||   107
